 Dungeon Crawl Stone Soup version 0.31-a0-276-ge00219d475 (webtiles) character file.

Game seed: 4586188703773069082

5201 Conn the Arsonist (level 10, 0/63 HPs)
             Began as an Octopode Fire Elementalist on July 15, 2023.
             Shot with an arrow by a centaur warrior (24 damage)
             ... on level 8 of the Dungeon.
             The game lasted 00:27:36 (9716 turns).

Conn the Arsonist (Octopode Fire Elementalist)      Turns: 9716, Time: 00:27:36

Health: 0/63       AC:  1    Str:  7    XL:     10   Next: 60%
Magic:  6/22       EV: 13    Int: 23    God:
Gold:   1351       SH:  0    Dex: 12    Spells: 13/26 levels left

rFire   . . .        e - +3 dagger (elec)
rCold   + . .        (no shield)
rNeg    . . .        (helmet restricted)
rPois   .            (no amulet)
rElec   .            r - ring of protection from cold
rCorr   .            (no ring)
SInv    .            (no ring)
Will    .....        (no ring)
Stlth   ++++         (no ring)
HPRegen 0.30/turn    (no ring)
MPRegen 0.18/turn    (no ring)
                     (no ring)

%: no passive effects
@: no status effects
A: almost no armour, amphibious, 8 rings, camouflage 1, gelatinous body 1,
(nimble swimmer 1), tentacles
a: no special abilities


You were on level 8 of the Dungeon.
You visited 2 branches of the dungeon, and saw 9 of its levels.
You also visited: Sewer and Ossuary.

You collected 1351 gold pieces.

Inventory:

Hand Weapons
 b - a +0 short sword
 e - a +3 dagger of electrocution (weapon)
 u - a +2 dagger of venom
Magical Staves
 s - a staff of air
Jewellery
 r - a ring of protection from cold (left tentacle)
Talismans
 k - a serpent talisman
 n - a maw talisman
Wands
 l - a wand of roots (21)
 x - a wand of flame (3)
 y - a wand of charming (22)
Scrolls
 i - a scroll of revelation
 p - 2 scrolls of amnesia
 q - a scroll of torment
 t - 2 scrolls of immolation
 v - 2 scrolls of enchant armour
Potions
 a - a potion of magic
 c - 4 potions of might
 f - a potion of haste
 g - 3 potions of curing
 h - a potion of resistance {unknown}
 j - a potion of enlightenment {unknown}
 m - 3 potions of heal wounds {unknown}
 o - a potion of cancellation {unknown}
 w - 3 potions of mutation {unknown}
 A - 2 potions of invisibility {unknown}
 C - 2 potions of degeneration {unknown}
 E - 2 potions of attraction {unknown}
 F - 2 potions of brilliance {unknown}


   Skills:
 + Level 3.0 Fighting
 + Level 2.7 Short Blades
 + Level 3.2 Dodging
 + Level 5.2 Stealth
 + Level 8.6 Spellcasting
 * Level 6.0 Conjurations
 + Level 1.3 Hexes
 * Level 3.4 Summonings
 * Level 8.6 Fire Magic


You had 13 spell levels left.
You knew the following spells:

 Your Spells              Type           Power      Damage    Failure   Level
a - Foxfire               Conj/Fire      100%       2x1d9     1%          1
b - Scorch                Fire           98%        2d9       1%          2
c - Inner Flame           Hex/Fire       32%        N/A       2%          3
d - Flame Wave            Conj/Fire      43%        2d11      3%          4
e - Summon Guardian Gole  Hex/Summ       20%        N/A       8%          3

Your spell library contained the following spells:

 Spells                   Type           Power      Damage    Failure   Level
 Slow                     Hex            60%        N/A       3%          1
 Volatile Blastmotes      Fire/Tloc      58%        2d14      3%          3
 Dazzling Flash           Conj/Hex       52%        N/A       4%          3
 Hailstorm                Conj/Ice       23%        3d7       5%          3
 Passwall                 Tmut/Erth      7%         N/A       10%         2
 Confusing Touch          Hex            15%        N/A       12%         3
 Vampiric Draining        Necr           9%         2d6       21%         3
 Summon Ice Beast         Ice/Summ       17%        N/A       32%         4
 Starburst                Conj/Fire      21%        6d7       43%         6
 Passage of Golubria      Tloc           9%         N/A       54%         4
 Silence                  Hex/Air        6%         N/A       80%         5
 Plasma Beam              Fire/Air       14%        2x1d25    86%         6
 Alistair's Intoxication  Tmut/Pois      6%         N/A       88%         5
 Orb of Destruction       Conj           18%        9d8       99%         7
 Eringya's Noxious Bog    Tmut/Pois      4%         4d6       100%        6
 Simulacrum               Ice/Necr       4%         N/A       100%        6
 Spellforged Servitor     Conj/Summ      15%        N/A       100%        7
 Lehudib's Crystal Spear  Conj/Erth      11%        10d4      100%        8
 Maxwell's Capacitive Co  Air            4%         ∞         100%        8


Dungeon Overview and Level Annotations

Branches:
Dungeon (8/15)             Temple (1/1) D:4           Sewer (visited)
Ossuary (visited)
   Lair: D:8-11

Altars:
Ashenzari
Dithmenos
Elyvilon
Gozag
Hepliaklqana
Kikubaaqudgha
Makhleb
Nemelex Xobeh
Okawaru
Qazlal
Ru
Trog
Uskayaw
Vehumet
Wu Jian
Xom
Zin
The Shining One

Shops:
D:3 [   D:6 ?


Innate Abilities, Weirdness & Mutations

You cannot wear most types of armour.
You are amphibious.
You can wear up to eight rings at the same time.
Your skin changes colour to match your surroundings (Stealth+).
Your rubbery body absorbs attacks. (AC +1, EV +1)
((You are camouflaged when in or above water. (Stealth+)))
You have tentacles for arms and can constrict up to eight enemies at once.


Message History

The foxfire hits the centaur warrior.
The centaur warrior is lightly wounded.
Your foxfire dissipates!
The foxfire hits the centaur warrior but does no damage.
The centaur warrior is lightly wounded.
Casting: Foxfire (safe; 1% risk of failure)
Confirm with . or Enter, or press ? or * to list all spells.
You conjure some foxfire!
The orc wizard points at you and mumbles some strange words.
You easily resist.
Unknown command.
Casting: Foxfire (safe; 1% risk of failure)
Confirm with . or Enter, or press ? or * to list all spells.
Aiming: Inner Flame (dangerous; 2% risk of failure)
Press: ? - help, Dir - move target, f - orc wizard
Aim: an orc wizard, wielding a +0 dagger and wearing a +0 robe (severely wounded, ally target, chance to affect: 85%)
The orc wizard is filled with an inner flame.
The foxfire hits the centaur warrior but does no damage.
The centaur warrior is lightly wounded.
The foxfire hits the centaur warrior.
The centaur warrior is lightly wounded.
Aiming: Fastroot
Press: ? - help, Shift-Dir - straight line, f/p - orc wizard
Aim: an orc wizard, wielding a +0 dagger and wearing a +0 robe (severely wounded, inner flame)
The roots erupt in riotous growth!
Roots grab the orc wizard.
Roots grab the centaur warrior.
The grasping roots constrict the centaur warrior.
The grasping roots constrict the orc wizard.
The orc wizard explodes!
The fiery explosion engulfs the centaur warrior!!!
The centaur warrior is severely wounded.
The centaur warrior unwields a +0 club.
The centaur warrior wields a +0 orcbow.
The centaur warrior shoots an arrow.
The arrow hits you!!
Unknown command.
The roots lose their grip on something.
Casting: Inner Flame (dangerous; 2% risk of failure)
Confirm with . or Enter, or press ? or * to list all spells.
Flames lash the centaur warrior but do no damage.
The centaur warrior shoots an arrow.
The arrow hits you!!
You die...

....# ####.........#.....)..
...)## #..........>..........
###..######.....................
...#......#.....................
...###................).........
...##...##.......c..(.)).).$....
.......###.......).c○..#........
...###.# ##.....##..####.......#
...# ..# #...#.@...# #)##..###
...##.## #.#####...####)##.##
...#.. #.. #..#.....§#..####
####.# #..##..##.#....§.#...##
#. .....# #..#.##C.......
#.##.####....))$......
#..#...##...9#...o.... #
#.#.#..#.#..#........ .####.
##...##.....9......#..


You could see a centaur warrior.

Vanquished Creatures
  A gargoyle (D:8)
  Maggie (D:6)
  5 yaks (D:7)
  3 water moccasins
  An orc warrior (D:8)
  An ice beast (D:6)
  3 sky beasts
  2 black bears (D:4)
  2 ogres (D:5)
  A centaur (D:7)
  A phantom (D:7)
  4 bullfrogs
  4 scorpions
  5 water moccasin zombies (Ossuary)
  3 killer bees (D:6)
  3 howler monkeys (D:7)
  6 hounds
  2 orc priests
  A sleepcap (D:7)
  5 iguanas
  10 orc wizards
  2 mummies (Ossuary)
  A gnoll (D:1)
  15 adders
  2 river rats (Sewer)
  A shadow imp (D:6)
  2 white imps (D:7)
  3 adder zombies (Ossuary)
  4 dart slugs
  36 orcs
  17 ball pythons
  10 endoplasms
  5 giant cockroaches
  7 hobgoblins
  15 jackals
  11 kobolds
  8 quokkas
  6 bats
  13 frilled lizards
  3 gnoll zombies (Ossuary)
  6 goblins
  6 hobgoblin zombies (Ossuary)
  8 kobold zombies (Ossuary)
  7 orc zombies (Ossuary)
  32 rats
284 creatures vanquished.

Vanquished Creatures (others)
  A cyclops (D:8)
  An orc warrior (D:8)
  An orc wizard (D:8)
  501 foxfires
504 creatures vanquished.

Grand Total: 788 creatures vanquished

Notes
Turn   | Place    | Note
-------+----------+-------------------------------------------
     0 | D:1      | Conn the Octopode Fire Elementalist began the quest for the
                  | Orb.
     0 | D:1      | Reached XP level 1. HP: 11/11 MP: 3/3
   247 | D:1      | Reached XP level 2. HP: 17/17 MP: 1/5
   509 | D:1      | Reached XP level 3. HP: 21/21 MP: 1/6
   518 | D:1      | Learned a level 2 spell: Scorch
   522 | D:1      | Learned a level 3 spell: Inner Flame
  1247 | D:2      | Reached XP level 4. HP: 26/27 MP: 1/8
  1374 | D:2      | Reached skill level 1 in Short Blades
  1541 | D:2      | Found a faded altar of an unknown god.
  1961 | D:2      | Reached XP level 5. HP: 29/31 MP: 5/10
  2522 | D:3      | Found Kezoas's Antique Armour Shoppe.
  3552 | D:4      | Learned a level 4 spell: Flame Wave
  3593 | D:4      | Identified the +1 robe of Jurph {Harm Int-3 Dex+6}
  3844 | D:4      | Reached XP level 6. HP: 33/37 MP: 5/12
  3927 | D:4      | Found an iron altar of Okawaru.
  4314 | D:4      | Found a staircase to the Ecumenical Temple.
  4392 | D:4      | Noticed a black bear
  4397 | D:4      | Killed a black bear
  4470 | D:4      | Noticed a black bear
  4475 | D:4      | Killed a black bear
  4476 | D:4      | Reached XP level 7. HP: 42/42 MP: 4/13
  4569 | D:5      | Entered Level 5 of the Dungeon
  4685 | D:5      | Found a glowing drain.
  4765 | Sewer    | Entered a sewer
  4927 | Sewer    | Reached skill level 5 in Spellcasting
  5398 | Sewer    | Reached skill level 5 in Fire Magic
  5572 | D:5      | Reached XP level 8. HP: 32/47 MP: 11/16
  6190 | D:6      | Noticed Maggie
  6206 | D:6      | Killed Maggie
  6207 | D:6      | Reached skill level 1 in Fighting
  6207 | D:6      | Reached XP level 9. HP: 19/53 MP: 3/19
  6718 | D:6      | Found Nate's Magic Scroll Boutique.
  6992 | D:6      | Learned a level 3 spell: Summon Guardian Golem
  7141 | Temple   | Entered the Ecumenical Temple
  7332 | D:7      | Found a sand-covered staircase.
  7341 | Ossuary  | Entered an ossuary
  7829 | Ossuary  | Identified a scroll of acquirement
  7830 | Ossuary  | Acquired 949 gold pieces
  7865 | D:7      | Reached skill level 1 in Summonings
  8099 | D:7      | Reached skill level 5 in Stealth
  8099 | D:7      | Reached skill level 5 in Conjurations
  8252 | D:7      | Got the Octavo of the Body and Clouds
  8435 | D:7      | Reached XP level 10. HP: 61/61 MP: 15/21
  9272 | D:8      | Noticed a gargoyle
  9291 | D:8      | Noticed a cyclops
  9301 | D:8      | Killed a gargoyle
  9703 | D:8      | Killed a cyclops
  9704 | D:8      | Reached skill level 1 in Hexes
  9709 | D:8      | Noticed a centaur warrior
  9716 | D:8      | Shot with an arrow by a centaur warrior

Illustrated notes

Levels and vault maps discovered:
D:1:      dpeg_arrival_three_same_balls, layout_basic, serial_aquarium,
          aquarium_bridge_straight [aquarium_subvault_bridge,
          aquarium_subvault_wall, aquarium_subvault_bridge,
          aquarium_subvault_window], aquarium_window_corner, aquarium_window_1,
          aquarium_view_2g, minmay_lizard_pond
D:2:      layout_rooms, hellmonk_ecumenical_altar_slurped_away
D:3:      layout_basic, serial_shops, shop, corexii_leaking_fountain
D:4:      layout_basic, okawaru_metal_pillars_1_2,
          minmay_temple_entry_from_below_a, kennysheep_generic_room_5
D:5:      layout_basic, gup_sewer_entry_pipe
D:6:      layout_basic, serial_shops, nicolae_square_shop,
          dreamdust_wishing_well, uniq_maggie
D:7:      layout_basic, enter_ossuary_1, chequers_serial_rivers_micro_b,
          chequers_avenue, kennysheep_potato
D:8:      layout_rooms, kb_rosetta
Temple:   sentei_temple_godly_chess

Skill      XL: |  1  2  3  4  5  6  7  8  9 10 |
---------------+-------------------------------+-----
Stealth        | 3 4 5 |  5.2
Short Blades   | 1 2 |  2.7
Spellcasting   | 3 4 5 6 7 8 |  8.6
Conjurations   | 2 3 4 5 6 |  6.0
Fire Magic     | 4 5 6 7 8 |  8.6
Fighting       | 1 2 3 |  3.0
Summonings     | 2 3 |  3.4
Dodging        | 3 |  3.2
Hexes          | 1 |  1.3

Action                     |  1- 3 |  4- 6 |  7- 9 | 10-12 || total
---------------------------+-------+-------+-------+-------++-------
  Melee: Short sword       |    13 |       |       |       ||    13
         Unarmed           |     2 |       |       |       ||     2
         Constrict         |     6 |    12 |    11 |       ||    29
         Punch             |     1 |     1 |       |       ||     2
         Tentacles         |     2 |     6 |     9 |     2 ||    19
         Dagger            |     5 |    62 |    44 |     4 ||   115
   Cast: Foxfire           |    29 |    83 |   132 |    49 ||   293
         Scorch            |     7 |    13 |    23 |    15 ||    58
         Inner Flame       |       |       |     3 |     3 ||     6
         Flame Wave        |       |       |    20 |     7 ||    27
         Summon Guardian G |       |       |       |     4 ||     4
  Evoke: Wand              |       |       |       |     4 ||     4
    Use: Scroll            |       |       |    15 |     2 ||    17
         Potion            |       |       |     2 |     5 ||     7
   Stab: Sleeping          |     3 |     8 |     5 |       ||    16
 Armour: Skin              |     5 |     2 |     6 |       ||    13
  Dodge: Dodged            |    25 |    37 |    60 |    18 ||   140

Table legend: (Time is in decaauts)
 A = Elapsed time spent in this place.
 B = Non-inter-level travel time spent in this place.
 C = Inter-level travel time spent in this place.
 D = Time resting spent in this place.
 E = Time spent auto-exploring this place.
 F = Levels seen in this place.
 G = Mean time per level.
                   A        B        C        D        E       F      G
               +--------+--------+--------+--------+--------+-----+--------+
         Total |   9686 |   9470 |    216 |    666 |   6162 |  11 |  880.5 |
       Dungeon |   8465 |   8249 |    216 |    316 |   5715 |   8 | 1058.1 |
        Temple |      7 |      7 |      0 |      0 |      0 |   1 |    7.0 |
         Sewer |    705 |    705 |      0 |      0 |    447 |   1 |  705.0 |
       Ossuary |    508 |    508 |      0 |    350 |      0 |   1 |  508.0 |
               +--------+--------+--------+--------+--------+-----+--------+

Top non-repeatable levels by time:
     D:7: 1556 daAuts
     D:4: 1397 daAuts
     D:1: 1238 daAuts
     D:6: 1148 daAuts
     D:3: 1108 daAuts
     D:2: 835 daAuts
     D:5: 733 daAuts
   Sewer: 705 daAuts
 Ossuary: 508 daAuts
     D:8: 446 daAuts
  Temple: 7 daAuts
